 Dungeon Crawl Stone Soup version 0.24-a0-176-gc3651c4 (webtiles) character file.

Game seed: 8372699603243479357

16338 Dfrag the Destroyer (level 12, -1/74 HPs)
             Began as a Demonspawn Fire Elementalist on Mar 13, 2019.
             Was a High Priest of Vehumet.
             Shot with an arrow by a centaur warrior (21 damage)
             ... on level 13 of the Dungeon.
             The game lasted 00:18:18 (11062 turns).

Dfrag the Destroyer (Demonspawn Fire Elementalist) Turns: 11062, Time: 00:18:19

Health: -1/74      AC:  9    Str: 12    XL:     12   Next: 9%
Magic:  4/26       EV: 12    Int: 21    God:    Vehumet [*****.]
Gold:   439        SH:  0    Dex: 15    Spells: 8/32 levels left

rFire    + + .     SeeInvis .   U - +2 executioner's axe (freeze)
rCold    + . .     Gourm    .   (shield currently unavailable)
rNeg     . . .     Faith    .   k - +2 leather armour {rC+}
rPois    .         Spirit   .   j - +0 helmet
rElec    .         Reflect  .   (no cloak)
rCorr    .         Harm     +   y - +0 pair of gloves
MR       .....                  (boots unavailable)
Stlth    +.........             l - amulet of harm
HPRegen  0.22/turn              O - ring of protection from cold
MPRegen  0.20/turn              E - ring "Kehew" {Fire Str+4}

@: no status effects
A: hooves 3, iridescent scales 1, fire resistance 1, flame cloud immunity
a: Renounce Religion


You were on level 13 of the Dungeon.
You worshipped Vehumet.
Vehumet was extremely pleased with you.
You were not hungry.

You visited 1 branch of the dungeon, and saw 13 of its levels.
You also visited: Ice Cave.

You collected 635 gold pieces.
You spent 196 gold pieces at shops.

Inventory:

Hand Weapons
 U - a +2 executioner's axe of freezing (weapon)
Armour
 j - a +0 helmet (worn)
 k - a +2 leather armour of cold resistance (worn)
 y - a +0 pair of gloves (worn)
 H - the +2 robe of Twilight {Slay+3}
   (You found it on level 7 of the Dungeon)

   It affects your accuracy and damage with ranged weapons and melee attacks
   (+3).
 Q - a +0 troll leather armour
Jewellery
 i - an uncursed ring of wizardry {unknown}
 l - an amulet of harm (around neck)
 w - a +4 ring of evasion
 E - the ring "Kehew" (right hand) {Fire Str+4}
   (You found it on level 5 of the Dungeon)

   [ring of fire]

   It enhances your fire magic.
   It affects your strength (+4).
   It protects you from fire.
   It makes you vulnerable to cold.
 F - a +3 amulet of reflection {unknown}
 O - a ring of protection from cold (left hand)
 S - a +2 ring of intelligence {unknown}
Wands
 m - a wand of enslavement (7)
 B - a wand of disintegration (8)
 G - a wand of paralysis (13)
 K - a wand of iceblast (19)
 L - a wand of clouds (4)
 R - a wand of acid (11)
Scrolls
 a - a scroll of random uselessness {unknown}
 b - 2 scrolls of immolation {unknown}
 d - a scroll of holy word {unknown}
 e - 5 scrolls of remove curse
 g - 4 scrolls of magic mapping
 n - 5 scrolls of fear {unknown}
 o - 2 scrolls of noise {unknown}
 q - a scroll of enchant armour {unknown}
 r - 2 scrolls of teleportation
 u - a scroll of blinking {unknown}
 v - 3 scrolls of enchant weapon {unknown}
 x - 8 scrolls of amnesia {unknown}
 I - 2 scrolls of fog {unknown}
 V - 2 scrolls of identify
Potions
 f - 2 potions of brilliance
 h - 5 potions of agility
 p - a potion of cancellation
 s - 4 potions of lignification
 t - a potion of flight
 z - 2 potions of haste {unknown}
 A - a potion of resistance {unknown}
 C - 3 potions of magic {unknown}
 D - 2 potions of curing
 J - a potion of mutation
 M - a potion of heal wounds
 N - a potion of might {unknown}
 P - a potion of ambrosia {unknown}
Comestibles
 c - 28 rations


   Skills:
 - Level 1.7 Dodging
 - Level 1.7 Stealth
 + Level 10.7 Spellcasting
 + Level 11.4 Conjurations
 + Level 10.9 Fire Magic


You had 8 spell levels left.
You knew the following spells:

 Your Spells              Type           Power        Failure   Level  Hunger
a - Flame Tongue          Conj/Fire      #####        1%          1    None
b - Conjure Flame         Conj/Fire      ######..     1%          3    None
c - Sticky Flame          Conj/Fire      ######..     1%          4    ##.....
d - Fireball              Conj/Fire      ######....   1%          5    ####...
e - Throw Icicle          Conj/Ice       #####...     1%          4    ##.....
f - Orb of Destruction    Conj           ######....   16%         7    #######

Your spell library contained the following spells:

 Spells                   Type           Power        Failure   Level  Hunger
 Throw Flame              Conj/Fire      ######       1%          2    None
 Inner Flame              Hex/Fire       ######..     1%          3    None
 Stone Arrow              Conj/Erth      #####.       1%          3    None
 Sandblast                Erth           ##....       2%          1    None
 Animate Skeleton         Necr           N/A          8%          1    None
 Apportation              Tloc           ##....       8%          1    None
 Beastly Appendage        Tmut           ##....       8%          1    None
 Confusing Touch          Hex            ##....       8%          1    None
 Infusion                 Chrm           ##..         8%          1    None
 Summon Small Mammal      Summ           ##..         8%          1    None
 Passwall                 Tmut/Erth      ##......     12%         2    None
 Poisonous Vapours        Pois/Air       ##....       12%         2    None
 Shroud of Golubria       Chrm/Tloc      ##........   12%         2    None
 Song of Slaying          Chrm           ##......     12%         2    None
 Sticks to Snakes         Tmut           ##......     12%         2    None
 Airstrike                Air            ##........   19%         4    ##.....
 Regeneration             Chrm/Necr      ##........   22%         3    None
 Spectral Weapon          Hex/Chrm       ##......     22%         3    None
 Spider Form              Tmut/Pois      ##........   22%         3    None
 Conjure Ball Lightning   Conj/Air       #####.....   28%         6    ######.
 Lee's Rapid Deconstruct  Erth           ##........   45%         5    ####...
 Ice Form                 Ice/Tmut       ##......     58%         4    ##.....
 Petrify                  Tmut/Erth      ##......     58%         4    ##.....
 Summon Lightning Spire   Summ/Air       ##......     58%         4    ##.....
 Blade Hands              Tmut           ##........   91%         5    ####...
 Silence                  Hex/Air        ##........   91%         5    ####...
 Summon Mana Viper        Hex/Summ       ##......     91%         5    ####...
 Deflect Missiles         Chrm/Air       ##........   100%        6    ######.
 Tornado                  Air            ##........   100%        9    #######


Dungeon Overview and Level Annotations

Branches:
Dungeon (14/15)            Temple (0/1) D:6            Lair (0/6) D:8
    Orc (0/2) D:10
 Vaults: D:13-14

Altars:
Ashenzari
Gozag
Kikubaaqudgha
Qazlal
Ru
Sif Muna
Trog
Uskayaw
Vehumet
Zin
The Shining One

Shops:
D:7 !   D:8 (   D:9 *}   D:10 (   D:13 [

Annotations:
D:5 3 runed translucent doors, Clumpoid's ghost, novice DsFi


Innate Abilities, Weirdness & Mutations

You have hooves in place of feet.
You are partially covered in iridescent scales. (AC +2)
Your flesh is heat resistant. (rF+)
You are immune to clouds of flame.


Message History

Casting: Fireball (safe; 1% risk of failure)
Confirm with . or Enter, or press ? or * to list all spells.
Aiming: Fireball (safe; 1% risk of failure)
Press: ? - help, Shift-Dir - straight line, f/p - centaur warrior
Aim: a centaur warrior, wielding a +0 shortbow (severely wounded)
You feel a surge of power!
The fireball explodes!
The fireball engulfs the centaur warrior!
The centaur warrior is almost dead.
You hear a shout!
You hear an angry buzzing noise.
You hear a screech!
The centaur warrior shoots an arrow.
The arrow hits you!
A killer bee comes into view.
The centaur warrior shoots an arrow.
The arrow hits you!
* * * LOW HITPOINT WARNING * * *
Casting: Fireball (safe; 1% risk of failure)
Confirm with . or Enter, or press ? or * to list all spells.
You don't have enough magic to cast that spell.
Unknown command.
You can't go up here!
The centaur warrior shoots an arrow.
The arrow hits you!!
You die...

.#..# ....# ....#
#...# # #...#
#.#######...#####
.##.#.#..............
....c..(.............
##..##@....y........
. #######...#####
#∩..# #...# #.H.#
#...# #....


You could see a centaur warrior and a killer bee.

Vanquished Creatures
  A hydra (D:11)
  A centaur warrior (D:14)
  A two-headed ogre (D:9)
  A flayed ghost (D:14)
  A cyclops (D:14)
  A centaur zombie (D:11)
  2 ugly things (IceCv)
  A manticore (D:13)
  A centaur skeleton (D:11)
  3 ice statues (IceCv)
  3 trolls
  3 hornets
  Sigmund (D:4)
  2 hippogriffs (D:7)
  10 yaks
  3 hungry ghosts
  A soldier ant (D:8)
  An acid dragon (D:11)
  A water moccasin (D:10)
  A porcupine (D:8)
  16 ice beasts
  7 orc warriors
  A hornet zombie (D:11)
  2 black bears (D:8)
  A phantom (D:9)
  2 necrophages
  3 ogres
  3 centaurs
  2 big kobolds (D:10)
  6 bullfrogs
  A wyvern skeleton (D:8)
  A water moccasin zombie (D:7)
  3 scorpions
  11 killer bees
  5 wights (D:11)
  7 howler monkeys
  3 jellies
  4 crimson imps
  2 bullfrog zombies
  8 hounds
  6 orc priests
  13 orc wizards
  2 bullfrog skeletons
  4 iguanas
  Natasha (twice) (D:4)
  8 worker ants
  A hound zombie (D:6)
  A hound skeleton (D:7)
  A worker ant zombie (D:7)
  15 gnolls
  5 adders
  3 shadow imps
  An ooze (D:3)
  An adder zombie (D:5)
  4 worms
  2 dart slugs (D:1)
  2 leopard geckos
  57 orcs
  3 giant cockroaches
  4 goblins
  8 hobgoblins
  15 jackals
  12 kobolds
  3 quokkas
  A ball python (D:1)
  6 bats
  2 frilled lizards
  8 rats
  A plant (D:8)
318 creatures vanquished.

Notes
Turn   | Place    | Note
-------+----------+-------------------------------------------
     0 | D:1      | Dfrag the Demonspawn Fire Elementalist began the quest for
                  | the Orb.
     0 | D:1      | Reached XP level 1. HP: 13/13 MP: 3/3
   137 | D:1      | Gained mutation: You have large cloven feet. [demonic
                  | ancestry]
   137 | D:1      | Reached XP level 2. HP: 16/19 MP: 0/5
   897 | D:2      | Found a radiant altar of Vehumet.
   897 | D:2      | Found an ancient bone altar of Kikubaaqudgha.
   898 | D:2      | Found a deep blue altar of Sif Muna.
   903 | D:2      | Identified Kikubaaqudgha's Guide on Stolen Souls
   914 | D:2      | Became a worshipper of Vehumet
   991 | D:2      | Found a stormy altar of Qazlal.
  1180 | D:2      | Found a faded altar of an unknown god.
  1303 | D:2      | Reached XP level 3. HP: 22/24 MP: 2/6
  1409 | D:2      | Found a glowing golden altar of the Shining One.
  1470 | D:3      | Reached skill level 2 in Conjurations
  1707 | D:3      | Reached XP level 4. HP: 23/30 MP: 1/8
  1783 | D:3      | Learned a level 3 spell: Conjure Flame
  1788 | D:3      | Learned a level 4 spell: Sticky Flame
  2071 | D:3      | Noticed a moth of wrath
  2074 | D:3      | Found a bloodstained altar of Trog.
  2211 | D:3      | Reached * piety under Vehumet
  2211 | D:3      | Offered knowledge of Magic Dart by Vehumet.
  2304 | D:4      | Gained mutation: You are partially covered in iridescent
                  | scales. (AC +2) [demonic ancestry]
  2304 | D:4      | Reached XP level 5. HP: 35/35 MP: 5/9
  2372 | D:4      | Noticed Sigmund
  2388 | D:4      | Killed Sigmund
  2388 | D:4      | Reached skill level 3 in Conjurations
  2388 | D:4      | Gained mutation: You have hoof-like feet. [demonic
                  | ancestry]
  2388 | D:4      | Reached XP level 6. HP: 18/41 MP: 4/11
  2677 | D:4      | Reached skill level 4 in Conjurations
  2918 | D:4      | Offered knowledge of Freeze by Vehumet.
  3003 | D:4      | Gained mutation: You have hooves in place of feet. [demonic
                  | ancestry]
  3003 | D:4      | Reached XP level 7. HP: 43/46 MP: 6/13
  3156 | D:4      | Reached ** piety under Vehumet
  3166 | D:4      | Reached skill level 5 in Fire Magic
  3390 | D:4      | Noticed Natasha
  3393 | D:4      | Killed Natasha
  3472 | D:4      | Noticed Natasha
  3476 | D:4      | Killed Natasha
  3528 | D:5      | Entered Level 5 of the Dungeon
  3655 | D:5      | Reached skill level 5 in Conjurations
  3741 | D:5      | Reached skill level 5 in Spellcasting
  3864 | D:5      | Found a runed translucent gate.
  3864 | D:5      | Found a runed translucent gate.
  3864 | D:5      | Found a runed translucent gate.
  3864 | D:5      | Noticed Clumpoid's ghost (novice DsFi)
  3935 | D:5      | Got a coiled pewter ring
  3936 | D:5      | Identified the ring "Kehew" {Fire Str+4} (You found it on
                  | level 5 of the Dungeon)
  4135 | D:6      | Learned a level 5 spell: Fireball
  4141 | D:6      | Gained mutation: Your flesh is heat resistant. (rF+)
                  | [demonic ancestry]
  4141 | D:6      | Reached XP level 8. HP: 52/52 MP: 4/15
  4358 | D:6      | Found a glowing silver altar of Zin.
  4399 | D:6      | Found a staircase to the Ecumenical Temple.
  4420 | D:6      | Offered knowledge of Ignite Poison by Vehumet.
  4448 | D:6      | Found a hide-covered altar of Uskayaw.
  4448 | D:6      | Found a shattered altar of Ashenzari.
  4535 | D:6      | Reached skill level 6 in Conjurations
  5430 | D:7      | Got a tattered robe
  5441 | D:7      | Identified the +2 robe of Twilight {Slay+3} (You found it
                  | on level 7 of the Dungeon)
  5579 | D:7      | Reached *** piety under Vehumet
  5618 | D:7      | Noticed a hippogriff
  5629 | D:7      | Killed a hippogriff
  5859 | D:7      | Reached XP level 9. HP: 57/57 MP: 18/18
  5939 | D:7      | Reached skill level 7 in Conjurations
  5994 | D:7      | Offered knowledge of Force Lance by Vehumet.
  6225 | D:7      | Found Teareg Hylu's Distillery.
  6235 | D:7      | Bought a potion of mutation for 112 gold pieces
  6235 | D:7      | Bought a potion of degeneration for 14 gold pieces
  6235 | D:7      | Bought a potion of heal wounds for 70 gold pieces
  6310 | D:8      | Found a hide-covered altar of Uskayaw.
  6684 | D:8      | Found Sanevium's Weapon Emporium.
  6798 | D:8      | Reached **** piety under Vehumet
  6798 | D:8      | Reached skill level 8 in Conjurations
  7006 | D:8      | Found a staircase to the Lair.
  7087 | D:8      | Offered knowledge of Lee's Rapid Deconstruction by Vehumet.
  7193 | D:8      | Reached XP level 10. HP: 63/63 MP: 13/22
  7318 | D:9      | Noticed a two-headed ogre
  7329 | D:9      | Killed a two-headed ogre
  7348 | D:9      | Reached skill level 9 in Conjurations
  7547 | D:9      | Found an opulent altar of Gozag.
  7551 | D:9      | Found Gozag's Platinum Reserve.
  7771 | D:9      | Reached ***** piety under Vehumet
  7782 | D:9      | Offered knowledge of Throw Icicle by Vehumet.
  8063 | D:9      | Found Iggosya's Gadget Boutique.
  8341 | D:9      | Learned a level 4 spell: Throw Icicle
  8364 | D:10     | Entered Level 10 of the Dungeon
  8533 | D:10     | Gained mutation: You are immune to clouds of flame.
                  | [demonic ancestry]
  8533 | D:10     | Reached XP level 11. HP: 61/68 MP: 9/24
  8571 | D:10     | Reached skill level 10 in Conjurations
  8662 | D:10     | Found a sacrificial altar of Ru.
  8860 | D:10     | Found Botepefi's Weapon Shop.
  8862 | D:10     | Found a staircase to the Orcish Mines.
  9417 | D:11     | Noticed an eight-headed hydra
  9421 | D:11     | Killed an eight-headed hydra
  9421 | D:11     | Reached skill level 10 in Fire Magic
  9658 | D:11     | Reached skill level 10 in Spellcasting
 10069 | D:11     | You fall through a shaft for 3 floors!
 10280 | D:14     | Noticed a centaur warrior
 10289 | D:14     | Killed a centaur warrior
 10341 | D:14     | Found a frozen archway.
 10341 | D:14     | Noticed a flayed ghost
 10344 | D:14     | Reached skill level 11 in Conjurations
 10345 | D:14     | Killed a flayed ghost
 10348 | IceCv    | Entered an ice cave
 10450 | IceCv    | Noticed a white ugly thing
 10468 | IceCv    | Killed a white ugly thing
 10830 | IceCv    | Reached XP level 12. HP: 74/74 MP: 18/26
 10839 | IceCv    | Offered knowledge of Orb of Destruction by Vehumet.
 10922 | IceCv    | Learned a level 7 spell: Orb of Destruction
 10951 | IceCv    | Identified Faori's Handbook of Creative Air
 11039 | D:13     | Found Ryorr's Antique Armour Boutique.
 11059 | D:13     | Noticed a centaur warrior
 11062 | D:13     | Shot with an arrow by a centaur warrior

Levels and vault maps discovered:
D:1:      evilmike_arrival_fibonacci_small, layout_basic
D:2:      layout_loops_cross, grunt_temple_overflow_magic_moments, minitemple,
          chequers_ecumenical_altar_island
D:3:      layout_loops_cross, tgw_trog, first_ration
D:4:      layout_loops_cross, uniq_sigmund, uniq_natasha
D:5:      layout_cave_pools, ebering_ghost_rock_garden
D:6:      layout_layer_cave, old_standard_altar, grunt_temple_overflow_open,
          minmay_temple_entry_mist
D:7:      layout_basic, serial_shops, nicolae_shop_trees, serial_bayou_pond_a
D:8:      layout_basic, grunt_lair_entry_orc_guard_hut, basic_altar,
          serial_shops, nicolae_shop_waterfront, hangedman_pestilent_swarm
D:9:      layout_loops_ring, serial_shops, shop, nicolae_gozag_zags_fifth_avenue
D:10:     layout_cave_pools, orc_david_3, nicolae_ru_sacrificial_ziggurat
D:11:     layout_roguey, minmay_misc_feat_pillars, minmay_misc_feat_alley,
          yredelemnul_altar_generic, uniq_gastronok
D:13:     layout_loops_cross, serial_shops, nicolae_shop_stone,
          kennysheep_mini_moat, shop, uniq_snorg, uniq_rupert, uniq_urug
D:14:     layout_roguey, david_vaults_2, minmay_misc_feat_diagonals,
          portal_ice_cave_entry_ice_beasts, bh_circular_ruins
IceCv:    ice_cave_statue_garden_chambered

Skill      XL: |  1  2  3  4  5  6  7  8  9 10 11 |
---------------+----------------------------------+-----
Fire Magic     | 3 4 5 6 8 9 10 | 10.9
Conjurations   | 2 3 4 5 6 8 9 11 | 11.4
Spellcasting   | 3 4 5 6 8 9 10 | 10.7
Dodging        | |  1.7
Stealth        | |  1.7

Action                   |  1- 3 |  4- 6 |  7- 9 | 10-12 || total
-------------------------+-------+-------+-------+-------++-------
Melee: Unarmed           |     3 |       |       |       ||     3
       Kick              |     1 |     8 |    23 |     9 ||    41
       Mace              |     9 |    69 |   123 |    47 ||   248
 Cast: Flame Tongue      |    59 |    55 |   127 |   120 ||   361
       Sticky Flame      |       |     1 |    36 |    42 ||    79
       Fireball          |       |       |     6 |    54 ||    60
  Use: Scroll            |       |       |     5 |     3 ||     8
       Potion            |       |       |       |     3 ||     3
 Stab: Sleeping          |       |       |     1 |       ||     1
  Eat: Chunk             |     3 |     4 |    16 |    14 ||    37
       Ration            |       |       |     1 |     4 ||     5
Armor: Robe              |     5 |       |    28 |    33 ||    66
       Leather armour    |    10 |    42 |    40 |     3 ||    95
Dodge: Dodged            |    31 |    77 |   158 |    91 ||   357

Table legend:
 A = Non-vault XP
 B = Vault XP
 C = Vault XP percentage of total XP
 D = Non-vault monster count
 E = Vault monster count
 F = Vault count percentage of total count
                 A         B        C        D         E       F
            +---------+---------+-------+---------+---------+-------
      Total |   17721 |    5619 |  24.1 |     279 |      38 |  12.0
            +---------+---------+-------+---------+---------+-------
        D:1 |      27 |       1 |   3.6 |      15 |       1 |   6.2
        D:2 |      21 |       0 |   0.0 |       5 |       0 |   0.0
        D:3 |     109 |      13 |  10.7 |      22 |       5 |  18.5
        D:4 |     669 |     277 |  29.3 |      36 |       2 |   5.3
        D:5 |     254 |       0 |   0.0 |      14 |       0 |   0.0
        D:6 |     675 |       0 |   0.0 |      18 |       0 |   0.0
        D:7 |    1240 |       0 |   0.0 |      27 |       0 |   0.0
        D:8 |    1185 |    1345 |  53.2 |      33 |       9 |  21.4
        D:9 |    3903 |       0 |   0.0 |      37 |       0 |   0.0
       D:10 |    2362 |     282 |  10.7 |      36 |       6 |  14.3
       D:11 |    4346 |       0 |   0.0 |      30 |       0 |   0.0
       D:13 |     594 |       0 |   0.0 |       2 |       0 |   0.0
       D:14 |    2336 |     520 |  18.2 |       4 |       4 |  50.0
      IceCv |       0 |    3181 | 100.0 |       0 |      11 | 100.0
            +---------+---------+-------+---------+---------+-------
